 Dungeon Crawl Stone Soup version 0.19.4 (webtiles) character file.

95 Agrougrou the Shield-Bearer (level 4, -2/37 HPs)
             Began as a Formicid Fighter on Feb 3, 2017.
             Was an Initiate of Ashenzari.
             Slain by Natasha (7 damage)
             ... on level 3 of the Dungeon.
             The game lasted 00:05:56 (1837 turns).

Agrougrou the Shield-Bearer (Formicid Fighter)      Turns: 1837, Time: 00:05:57

Health: -2/37      AC:  7    Str: 21    XL:     4   Next: 97%
Magic:  4/4        EV:  8    Int:  8    God:    Ashenzari [......]
Gold:   133        SH:  9    Dex: 10    Spells: 0 memorised, 3 levels left

rFire  . . .     SeeInvis +     a - +0 flail
rCold  . . .     Gourm    .     b - +0 scale mail
rNeg   . . .     Faith    .     c - +0 shield
rPois  .         Spirit   .     (helmet unavailable)
rElec  .         Reflect  .     (no cloak)
rCorr  .         Harm     .     (no gloves)
MR     .....                    (no boots)
Stlth  ..........               (no amulet)
                                (no ring)
                                r - ring of see invisible

@: no status effects
A: permanent stasis, dig shafts and tunnels, four strong arms, antennae 3
a: Dig, Shaft Self, Curse Item, Renounce Religion


You were on level 3 of the Dungeon.
You worshipped Ashenzari.
Ashenzari was noncommittal.
You were not hungry.

You visited 1 branch of the dungeon, and saw 3 of its levels.

You collected 133 gold pieces.

Inventory:

Hand Weapons
 a - a +0 flail (weapon)
Missiles
 i - 146 stones (quivered)
Armour
 b - a +0 scale mail (worn)
 c - a +0 shield (worn)
Jewellery
 r - a ring of see invisible (left hand)
Scrolls
 e - a scroll of blinking {unknown}
 j - 3 scrolls of identify {unknown}
 k - a scroll of random uselessness {unknown}
 n - a scroll of fog {unknown}
 o - 6 scrolls of remove curse
 p - a scroll of teleportation {unknown}
 t - 2 scrolls of amnesia {unknown}
Potions
 d - a potion of might
 g - a potion of curing {unknown}
 l - a potion of cancellation {unknown}
 m - a potion of lignification {unknown}
 q - a potion of flight {unknown}
 u - a potion of mutation {unknown}
Comestibles
 f - 2 bread rations
 h - a beef jerky
 s - 5 chunks of flesh


   Skills:
 + Level 3.8 Fighting
 + Level 2.8 Maces & Flails
 * Level 4.0 Armour
 + Level 0.8 Dodging
 + Level 0.3 Stealth
 * Level 4.4 Shields


You had 3 spell levels left.
You didn't know any spells.

Dungeon Overview and Level Annotations

Branches:
Dungeon (3/15)

Altars:
Ashenzari
Qazlal

Annotations:
D:3 Natasha


Innate Abilities, Weirdness & Mutations

You are under a permanent stasis effect.
You can dig through walls and to a lower floor.
Your four strong arms can wield two-handed weapons with a shield.
You have a pair of large antennae on your head. (SInv)


Message History

You block Natasha's attack. Natasha closely misses you.
You barely miss Natasha.
Natasha is almost dead.
Natasha claws you but does no damage.
You closely miss Natasha.
Natasha is almost dead.
Natasha howls an incantation.
You feel disoriented.
Natasha stares at you and mumbles some strange words.
The magic dart hits you!
* * * LOW HITPOINT WARNING * * *
Natasha claws you but does no damage.
You closely miss Natasha.
Natasha is almost dead.
You block Natasha's attack. Natasha claws you.
* * * LOW HITPOINT WARNING * * *
You miss Natasha.
Natasha is almost dead.
Natasha claws you!
You die...

#........####+#####.
#........#..........
##########'#####..........
.............# #..........
.............# #..........
.............# #..........
.............###..........
........[.....##..........
..............##@.........
..............##h.........
...............#..........
.............#.#..........
.............#.#..........
.............#............
###########.###+##.%..
#..# .... ##.# ...


You could see Natasha.

Vanquished Creatures
  A hound (D:3)
  Natasha (D:3)
  2 oozes
  A leopard gecko (D:2)
  5 giant cockroaches
  4 goblins
  3 hobgoblins (D:1)
  5 bats
  2 frilled lizards
  5 kobolds
  4 rats
33 creatures vanquished.

Notes
Turn   | Place    | Note
-------+----------+-------------------------------------------
     0 | D:1      | Agrougrou the Formicid Fighter began the quest for the Orb.
     0 | D:1      | Reached XP level 1. HP: 18/18 MP: 1/1
    98 | D:1      | Reached XP level 2. HP: 21/24 MP: 2/2
   718 | D:1      | You fall through a shaft!
   756 | D:2      | Reached XP level 3. HP: 29/29 MP: 3/3
   764 | D:2      | Found a shattered altar of Ashenzari.
   773 | D:2      | Became a worshipper of Ashenzari the Shackled
   854 | D:2      | Found a stormy altar of Qazlal.
  1415 | D:3      | Reached XP level 4. HP: 25/37 MP: 4/4
  1672 | D:3      | Noticed Natasha
  1698 | D:3      | Killed Natasha
  1825 | D:3      | Noticed Natasha
  1837 | D:3      | Slain by Natasha

Skill      XL: |  1  2  3  4 |
---------------+-------------+-----
Shields        | 4 |  4.4
Armour         | 4 |  4.0
Fighting       | |  3.8
Maces & Flails | |  2.8
Dodging        | |  0.8
Stealth        | |  0.3

Action                   |  1- 3 |  4- 6 || total
-------------------------+-------+-------++-------
Melee: Flail             |    86 |    56 ||   142
 Abil: Dig               |     1 |       ||     1
  Eat: Chunk             |     2 |     1 ||     3
Armor: Scale mail        |    33 |    22 ||    55
Dodge: Dodged            |    41 |    18 ||    59
Block: Shield            |    47 |    40 ||    87
